 Dungeon Crawl Stone Soup version 0.32-a0-411-g744942f433 (webtiles) character file.

Game seed: 9488276093134209384

35932 CougarLife the Geomancer (level 13, -3/78 HPs)
             Began as a Gargoyle Earth Elementalist on Feb 21, 2024.
             Was an Initiate of Gozag.
             Engulfed by a cloud of freezing vapour (5 damage)
             ... on level 3 of the Lair of Beasts.
             The game lasted 00:37:26 (22274 turns).

CougarLife the Geomancer (GrEE)                    Turns: 22274, Time: 00:37:26

Health: -3/78      AC: 18    Str: 12    XL:     13   Next: 87%
Magic:  9/28       EV: 11    Int: 21    God:    Gozag
Gold:   2434       SH:  0    Dex: 10    Spells: 21/35 levels left

rFire   . . .        u - +6 shillelagh "Devastator" {shatter}
rCold   . . .        (no shield)
rNeg    + . .        a - +0 robe
rPois   ∞            E - +2 hat
rElec   +            C - +0 cloak
rCorr   .            (no gloves)
SInv    .            (no boots)
Will    +....        m - amulet of the acrobat
Stlth   ++           d - ring of willpower
HPRegen 0.33/turn    H - +4 ring of protection
MPRegen 0.21/turn

%: acrobat
@: gold aura, very slightly contaminated
A: sickness immunity, AC +9, negative energy resistance 1, electricity
resistance, torment resistance 1, petrification resistance
a: Renounce Religion, Potion Petition, Call Merchant, Bribe Branch


You were on level 3 of the Lair of Beasts.
You worshipped Gozag.
Gozag was most pleased with you.
You visited 3 branches of the dungeon, and saw 15 of its levels.
You also visited: Sewer.

You collected 3620 gold pieces.
You spent 131 gold pieces at shops.
You paid 1055 gold pieces to Gozag.

Inventory:

Hand Weapons
 u - the +6 shillelagh "Devastator" (weapon) {shatter}
   (You found it on level 4 of the Dungeon)
Armour
 a - a +0 robe (worn)
 C - a +0 cloak (worn)
 E - a +2 hat (worn)
Jewellery
 d - a ring of willpower (left hand)
 m - an amulet of the acrobat (around neck)
 H - a +4 ring of protection (right hand)
Wands
 j - a wand of mindburst (15)
 s - a wand of roots (9)
 y - a wand of flame (14)
 F - a wand of light (10)
Scrolls
 c - a scroll of torment
 e - a scroll of revelation {unknown}
 f - 6 scrolls of teleportation
 l - 6 scrolls of amnesia
 q - 5 scrolls of noise
 r - 3 scrolls of blinking
 t - 3 scrolls of immolation
 w - a scroll of enchant armour {unknown}
 x - a scroll of fog {unknown}
 z - 2 scrolls of poison
 B - a scroll of acquirement {unknown}
 I - 3 scrolls of fear {unknown}
Potions
 g - 2 potions of heal wounds
 i - 2 potions of invisibility {unknown}
 k - a potion of berserk rage {unknown}
 n - a potion of haste {unknown}
 o - 5 potions of mutation
 v - a potion of might {unknown}
 A - 2 potions of brilliance {unknown}
 D - 5 potions of curing {unknown}
 G - 8 potions of ambrosia
 J - 3 potions of degeneration {unknown}


   Skills:
 + Level 8.0 Fighting
 - Level 1.5 Dodging
 - Level 2.1 Stealth
 + Level 11.8 Spellcasting
 + Level 13.5 Conjurations
 * Level 5.2 Air Magic
 + Level 14.9 Earth Magic


You had 21 spell levels left.
You knew the following spells:

 Your Spells              Type           Power      Damage    Failure   Level
a - Sandblast             Erth           100%       2d20      0%          1
b - Stone Arrow           Conj/Erth      100%       3d13      1%          3
c - Lee's Rapid Deconstr  Erth           33%        3d17*     1%          5
d - Freezing Cloud        Conj/Ice/Air   19%        6-21      12%         5

Your spell library contained the following spells:

 Spells                   Type           Power      Damage    Failure   Level
 Static Discharge         Conj/Air       100%       3-8/arc   1%          2
 Passwall                 Erth           66%        N/A       1%          3
 Brom's Barrelling Bould  Conj/Erth      64%        2d8       1%          4
 Animate Armour           Summ/Erth      86%        N/A       2%          4
 Petrify                  Alch/Erth      43%        N/A       2%          4
 Airstrike                Air            17%        2d(3-19)  6%          4
 Summon Lightning Spire   Summ/Air       23%        N/A       19%         4
 Ignite Poison            Fire/Alch      12%        N/A       47%         4
 Lehudib's Crystal Spear  Conj/Erth      32%        10d8      71%         8
 Cigotuvi's Dreadful Rot  Necr/Alch/Air  Unusable   N/A       N/A         2

Dungeon Overview and Level Annotations

Branches:
Dungeon (11/15)            Temple (1/1) D:5            Lair (3/5) D:10
 Shoals (0/4) Lair:3        Snake (0/4) Lair:2        Sewer (visited)
    Orc: D:9-12

Altars:
Ashenzari
Cheibriados
Dithmenos
Elyvilon
Fedhas
Gozag
Hepliaklqana
Kikubaaqudgha
Makhleb
Nemelex Xobeh
Okawaru
Qazlal
Ru
Sif Muna
Trog
Uskayaw
Vehumet
Wu Jian
Xom
Yredelemnul
Zin
The Shining One

Shops:
D:2 *   D:8 *


Innate Abilities, Weirdness & Mutations

You are immune to sickness and miasma.
Your stone body is resilient. (AC +9)
You are immune to poison.
You resist negative energy. (rN+)
You are resistant to electric shocks. (rElec)
You are resistant to unholy torment.
You are immune to petrification.


Message History

You are engulfed in freezing vapours.
The komodo dragon is engulfed in freezing vapours.
Casting: Freezing Cloud (dangerous; 12% risk of failure)
Confirm with . or Enter, or press ? or * to list all spells.
Aiming: Sandblast (safe; 0% risk of failure)
Press: ? - help, Shift-Dir - straight line, f - water moccasin
Aim: a water moccasin (freezing vapour, 76% to hit)
The blast of sand hits the water moccasin!!
The water moccasin is severely wounded.
You are engulfed in freezing vapours.
The water moccasin is engulfed in freezing vapours.
The water moccasin seems to slow down.
The water moccasin misses you.
The komodo dragon is engulfed in freezing vapours.
The komodo dragon seems to slow down.
The water moccasin is engulfed in freezing vapours.
You kill the water moccasin!
Casting: Sandblast (safe; 0% risk of failure)
Confirm with . or Enter, or press ? or * to list all spells.
Aiming: Sandblast (safe; 0% risk of failure)
Press: ? - help, Shift-Dir - straight line, f - komodo dragon
Aim: a komodo dragon (freezing vapour, moderately wounded, slow, 89% to hit)
The blast of sand hits the komodo dragon.
The komodo dragon is heavily wounded.
You are engulfed in freezing vapours.
* * * LOW HITPOINT WARNING * * *
The komodo dragon is engulfed in freezing vapours.
Casting: Sandblast (safe; 0% risk of failure)
Confirm with . or Enter, or press ? or * to list all spells.
Aiming: Stone Arrow (safe; 1% risk of failure)
Press: ? - help, Shift-Dir - straight line, f/p - komodo dragon
Aim: a komodo dragon (freezing vapour, almost dead, slow, 84% to hit)
The stone arrow misses the komodo dragon.
You are engulfed in freezing vapours.
* * * LOW HITPOINT WARNING * * *
The komodo dragon is engulfed in freezing vapours.
You kill the komodo dragon!
Your Fighting skill increases to level 8!
You are engulfed in freezing vapours.
You die...
Your body crumbles into a pile of gold.

................... ...
.................. ..
....§.§...$....... .# ..
.....§........... ... #.
P.§§<○....#F+###.
...P#.##§#§§○...##..###.
........○○§.......<.....
....#...§#.......#......
.......@#$......#.......
...##...##.S....##......
###.# ...... #...##. ##.
...... ....# . . ......
##### ........ .. ....
...


There were no monsters in sight!

Vanquished Creatures
  A hydra (Lair:2)
  Erica (D:8)
  3 two-headed ogres
  2 boulder beetles
  Amaemon (Lair:1)
  A skyshark (Lair:2)
  Lodul (D:11)
  2 deep elf pyromancers (D:8)
  An oklob plant (Lair:2)
  An ugly thing (D:8)
  A manticore (Lair:3)
  Joseph (D:8)
  A cyclops (D:11)
  8 cane toads
  An orange demon (Lair:1)
  A rime drake (Lair:1)
  Jeremiah (D:8)
  A kobold demonologist (D:8)
  A tengu conjurer (D:8)
  8 komodo dragons
  An unseen horror zombie (D:9)
  A queen bee (Lair:1)
  3 trolls
  A hornet (D:7)
  A polar bear (Lair:2)
  4 blink frogs
  A shadow (D:11)
  Sigmund (D:3)
  7 wyverns
  A spriggan (D:7)
  A vampire (D:11)
  A wraith (D:11)
  A basilisk (Lair:2)
  Eustachio (D:6)
  52 yaks
  Menkaure (D:4)
  A vampire mosquito (D:8)
  An acid dragon (D:11)
  17 water moccasins
  Duvessa (D:6)
  2 orc warriors
  2 ice beasts
  4 black bears
  2 sky beasts
  13 ogres
  3 phantoms
  6 centaurs
  2 kobold brigands
  2 brain worms (Sewer)
  A gnoll sergeant (D:10)
  2 scorpions
  10 bullfrogs
  12 wights
  Dowan (D:6)
  35 killer bees
  2 electric eels (D:10)
  A howler monkey (D:8)
  2 centaur zombies (D:9)
  2 hounds
  4 bombardier beetles
  7 orc priests
  2 sleepcaps
  3 gnoll boudas
  11 orc wizards
  Terence (D:3)
  3 iguanas
  4 hell rats (Lair:1)
  2 howler monkey zombies (D:9)
  Robin (D:2)
  6 adders
  19 gnolls
  10 river rats
  2 white imps
  3 ufetubi
  2 dart slugs
  3 ribbon worms
  44 orcs
  10 ball pythons
  7 bats
  10 endoplasms
  5 giant cockroaches
  9 goblins
  8 hobgoblins
  8 jackals
  16 kobolds
  6 quokkas
  10 frilled lizards
  8 rats
464 creatures vanquished.

Notes
Turn   | Place    | Note
-------+----------+-------------------------------------------
     0 | D:1      | CougarLife the Gargoyle Earth Elementalist began the quest
                  | for the Orb.
     0 | D:1      | Reached XP level 1. HP: 10/10 MP: 3/3
   167 | D:1      | Found a faded altar of an unknown god.
   191 | D:1      | Reached XP level 2. HP: 15/15 MP: 3/5
   283 | D:1      | Reached skill level 4 in Earth Magic
   384 | D:1      | Reached XP level 3. HP: 19/19 MP: 4/6
   447 | D:1      | You fall into a shaft and drop 1 floor!
   929 | D:2      | Found Recef's General Store.
   972 | D:2      | Reached XP level 4. HP: 24/24 MP: 5/8
  1032 | D:2      | Noticed Robin
  1054 | D:2      | Killed Robin
  1623 | D:2      | Learned a level 3 spell: Stone Arrow
  1716 | D:3      | Noticed Sigmund
  1723 | D:3      | Killed Sigmund
  1724 | D:3      | Reached skill level 5 in Earth Magic
  1724 | D:3      | Reached XP level 5. HP: 7/28 MP: 5/10
  1724 | D:3      | Reached XP level 6. HP: 8/32 MP: 5/11
  1731 | D:3      | Noticed Terence
  1750 | D:3      | Killed Terence
  2017 | D:3      | Found a glowing drain.
  2021 | Sewer    | Entered a sewer
  2090 | Sewer    | Reached skill level 6 in Earth Magic
  2094 | Sewer    | Reached XP level 7. HP: 30/36 MP: 4/13
  2977 | D:3      | Reached skill level 5 in Conjurations
  3514 | D:4      | Found an iron altar of Okawaru.
  3666 | D:4      | Reached skill level 5 in Spellcasting
  3666 | D:4      | Reached skill level 7 in Earth Magic
  3666 | D:4      | Reached XP level 8. HP: 36/41 MP: 10/15
  3706 | D:4      | Noticed Menkaure
  3716 | D:4      | Killed Menkaure
  3972 | D:4      | Found a sacrificial altar of Ru.
  4015 | D:4      | Found a shimmering blue altar of Sif Muna.
  4141 | D:4      | Found the +6 shillelagh "Devastator" {shatter}
  4716 | D:5      | Entered Level 5 of the Dungeon
  5118 | D:5      | Reached skill level 8 in Earth Magic
  5153 | D:5      | Found a basalt altar of Yredelemnul.
  5480 | D:5      | Found a staircase to the Ecumenical Temple.
  5496 | D:5      | Reached XP level 9. HP: 34/45 MP: 14/18
  5507 | Temple   | Entered the Ecumenical Temple
  5837 | D:6      | Noticed Eustachio
  5843 | D:6      | Killed Eustachio
  5980 | D:6      | Reached skill level 9 in Earth Magic
  6303 | D:6      | Learned a level 5 spell: Lee's Rapid Deconstruction
  6552 | D:6      | Found a white marble altar of Elyvilon.
  6682 | D:6      | Noticed Duvessa
  6686 | D:6      | Killed Duvessa
  6691 | D:6      | Noticed Dowan
  6712 | D:6      | Killed Dowan
  6979 | D:6      | Reached skill level 10 in Earth Magic
  7023 | D:6      | Reached XP level 10. HP: 50/50 MP: 1/21
  7310 | D:6      | Found an opulent altar of Gozag.
  7641 | D:6      | Found a hazy altar of Hepliaklqana.
  7643 | D:6      | Found a shadowy altar of Dithmenos.
  8490 | D:6      | Became a worshipper of Gozag Ym Sagoz the Greedy
  9004 | D:8      | Noticed a kobold demonologist
  9160 | D:8      | Killed a kobold demonologist
  9698 | D:8      | Found Pihoiq's Assorted Antiques.
  9707 | D:8      | Bought a translucent robe for 131 gold pieces
  9707 | D:8      | Identified the +1 robe of the Equinox {rPois Regen+ Str+5
                  | Slay-4} (You bought it in a shop on level 8 of the Dungeon)
  9728 | D:8      | Found a broken altar of Ashenzari.
  9740 | D:8      | Noticed Jeremiah
  9743 | D:8      | Killed Jeremiah
  9744 | D:8      | Reached skill level 11 in Earth Magic
 10121 | D:8      | Noticed Joseph
 10122 | D:8      | Noticed Erica
 10126 | D:8      | Reached skill level 10 in Conjurations
 10127 | D:8      | Killed Joseph
 10128 | D:8      | Killed Erica
 10129 | D:8      | Reached XP level 11. HP: 45/54 MP: 13/24
 10440 | D:8      | Identified the +7 broad axe of Eternity {venom, Stlth+}
 10440 | D:8      | Noticed a deep elf pyromancer
 10443 | D:8      | Killed a deep elf pyromancer
 10443 | D:8      | Noticed a deep elf pyromancer
 10444 | D:8      | Reached skill level 12 in Earth Magic
 10446 | D:8      | Killed a deep elf pyromancer
 10557 | D:8      | Noticed a two-headed ogre
 10562 | D:8      | Killed a two-headed ogre
 10846 | D:8      | Noticed a red ugly thing
 10853 | D:8      | Killed a red ugly thing
 11654 | D:9      | Noticed a two-headed ogre
 11754 | D:9      | Killed a two-headed ogre
 11755 | D:9      | Reached skill level 1 in Fighting
 12069 | D:9      | Reached skill level 10 in Spellcasting
 12427 | D:9      | Found a radiant altar of Vehumet.
 12529 | D:9      | Found a glowing silver altar of Zin.
 12928 | D:9      | Reached skill level 13 in Earth Magic
 13615 | D:9      | Reached XP level 12. HP: 64/64 MP: 15/26
 13863 | D:10     | Entered Level 10 of the Dungeon
 14291 | D:10     | Found a staircase to the Lair.
 14420 | D:10     | Noticed a two-headed ogre
 14428 | D:10     | Killed a two-headed ogre
 15322 | D:10     | Reached skill level 5 in Fighting
 15695 | D:11     | Noticed a boulder beetle
 15698 | D:11     | Noticed Lodul
 16211 | D:11     | Killed a boulder beetle
 16362 | D:11     | Killed Lodul
 16470 | D:11     | Reached skill level 14 in Earth Magic
 17174 | D:11     | Learned a level 5 spell: Freezing Cloud
 17242 | D:11     | Identified the +8 plate armour of the Hippo {rPois rF+
                  | Str-2}
 17541 | Lair:1   | Entered Level 1 of the Lair of Beasts
 17576 | Lair:1   | Reached skill level 1 in Air Magic
 17782 | Lair:1   | Reached XP level 13. HP: 75/75 MP: 4/28
 18167 | Lair:1   | Noticed Amaemon
 18171 | Lair:1   | Killed Amaemon
 20561 | Lair:2   | Found a staircase to the Snake Pit.
 20589 | Lair:2   | Identified the +1 dagger of Xaad {flame, Fly rCorr Str+8
                  | Int-2}
 21353 | Lair:3   | Found a staircase to the Shoals.
 21673 | Lair:2   | Reached skill level 5 in Air Magic
 22273 | Lair:3   | HP: 2/78 [cloud of freezing vapour (22)]
 22274 | Lair:3   | Engulfed by a cloud of freezing vapour

Illustrated notes

Levels and vault maps discovered:
D:1:      dpeg_arrival_snail, layout_basic, hellmonk_ecumenical_altar_crossroads
D:2:      layout_rooms, serial_aquarium, aquarium_bridge_straight
          [aquarium_subvault_bridge, aquarium_subvault_window,
          aquarium_subvault_bridge, aquarium_subvault_balcony],
          aquarium_window_corridor_2, aquarium_window_1, aquarium_window_1,
          aquarium_view_2d, aquarium_pool_four, serial_shops, shop, uniq_robin
D:3:      layout_loops_ring, gup_sewer_entry_spiral, uniq_terence, uniq_sigmund
D:4:      layout_loops_ring, mainiacjoe_overflow_paths,
          mainiacjoe_overflow_two_lobes, chequers_serial_rivers_large_a,
          dilly_guarded_unrand_devastator, uniq_menkaure
D:5:      black_bear_nest_1, layout_basic, yredelemnul_altar_generic,
          minmay_temple_entry_glassed_door, minmay_gold_behind_fungi,
          serial_bayou_pond_c
D:6:      layout_rooms, nicolae_overflow_hidden_temple, elyvilon_altar_5,
          minmay_pentangle, uniq_duvessa, uniq_eustachio
D:7:      layout_loops_ring, the_hattery
D:8:      minmay_the_grid_square_5x5_3x3 [minmay_the_grid_square_5x5_seven,
          minmay_the_grid_square_5x5_checkered_sparse,
          minmay_the_grid_square_5x5_eight_small,
          minmay_the_grid_square_5x5_two,
          minmay_the_grid_square_5x5_megaprize_diamond,
          minmay_the_grid_square_5x5_forky, minmay_the_grid_square_5x5_percent,
          minmay_the_grid_square_5x5_inner_v,
          minmay_the_grid_square_5x5_n_small], layout_rooms,
          cheibrodos_ashenzari_chains, serial_shops, shop, uniq_jeremiah,
          uniq_erica, uniq_joseph
D:9:      layout_basic, nicolae_vehumet_altar_sigil,
          mainiacjoe_overflow_small_starburst, serial_undead, serial_undead_e,
          serial_undead_e, serial_undead_d, serial_undead_d,
          chequers_serial_rivers_micro_d
D:10:     layout_cross, due_lair_maze_entry_diamond, serial_park,
          serial_park_tiny_2, serial_park_tiny_2, serial_park_fountain,
          serial_park_tiny_1
D:11:     layout_rooms, uniq_lodul
Temple:   nicolae_temple_bog_church
Lair:1:   layout_roguey [special_room_bee], pond, grunt_megastairs_5,
          uniq_amaemon
Lair:2:   layout_regular_city, dummy_snake_entry, nicolae_lair_lil_pond,
          st_stairs_6, chequers_serial_rivers_micro_b, minmay_lair_oklob_items
Lair:3:   layout_regular_city, minmay_shoals_entry_beasts, grunt_megastairs_3,
          serial_bayou_shore_a

Skill      XL: |  1  2  3  4  5  6  7  8  9 10 11 12 13 |
---------------+----------------------------------------+-----
Earth Magic    | 4 5 6 7 8 10 11 13 14 | 14.9
Conjurations   | 2 3 4 5 7 8 10 11 12 13 | 13.5
Spellcasting   | 3 4 5 6 7 9 10 11 | 11.8
Fighting       | 3 6 8 |  8.0
Air Magic      | 1 5 |  5.2
Dodging        | |  1.5
Stealth        | |  2.1

Action                     |  1- 3 |  4- 6 |  7- 9 | 10-12 | 13-15 || total
---------------------------+-------+-------+-------+-------+-------++-------
  Melee: Unarmed           |     4 |       |       |       |       ||     4
         Dagger            |    11 |    38 |     8 |       |       ||    57
         Shillelagh        |       |       |    40 |    60 |    40 ||   140
   Cast: Sandblast         |    36 |    70 |   133 |    60 |    40 ||   339
         Stone Arrow       |       |     2 |    24 |    61 |    38 ||   125
         Lee's Rapid Decon |       |       |    12 |   181 |    38 ||   231
         Freezing Cloud    |       |       |       |     1 |    24 ||    25
 Invoke: Potion Petition   |       |       |       |     2 |       ||     2
    Use: Potion            |       |     1 |       |     1 |     2 ||     4
         Scroll            |       |       |       |       |    11 ||    11
   Stab: Sleeping          |       |       |     1 |       |       ||     1
 Armour: Robe              |    16 |    65 |    80 |   148 |   114 ||   423
  Dodge: Dodged            |    18 |    61 |    84 |   109 |    70 ||   342

Table legend: (Time is in decaauts)
 A = Elapsed time spent in this place.
 B = Non-inter-level travel time spent in this place.
 C = Inter-level travel time spent in this place.
 D = Time resting spent in this place.
 E = Time spent auto-exploring this place.
 F = Levels seen in this place.
 G = Mean time per level.
                   A        B        C        D        E       F      G
               +--------+--------+--------+--------+--------+-----+--------+
         Total |  22684 |  21931 |    753 |   9655 |   7388 |  16 | 1417.8 |
       Dungeon |  16886 |  16303 |    583 |   6939 |   5463 |  11 | 1535.1 |
        Temple |      4 |      4 |      0 |      0 |      0 |   1 |    4.0 |
          Lair |   4772 |   4603 |    169 |   2680 |   1064 |   3 | 1590.7 |
         Sewer |   1021 |   1021 |      0 |     36 |    861 |   1 | 1021.0 |
               +--------+--------+--------+--------+--------+-----+--------+

Top non-repeatable levels by time:
     D:8: 2851 daAuts
  Lair:2: 2649 daAuts
  Lair:1: 2049 daAuts
    D:10: 2023 daAuts
     D:6: 2007 daAuts
     D:9: 2006 daAuts
     D:7: 1606 daAuts
    D:11: 1291 daAuts
     D:4: 1249 daAuts
     D:5: 1129 daAuts
     D:3: 1070 daAuts
   Sewer: 1021 daAuts
     D:1: 919 daAuts
     D:2: 731 daAuts
  Lair:3: 73 daAuts
